Map: Flashback EE

Players

Bungus - Winner!

  • Race: Protoss Protoss
  • League: Bronze
  • Spawn Location: 11:00

starcum - Winner!

  • Race: Zerg Zerg
  • Spawn Location: 9:00

TossIsImba - Winner!

  • Race: Protoss Protoss
  • League: Diamond
  • Spawn Location: 11:00

TATORREA

  • Race: Protoss Protoss
  • League: Gold
  • Spawn Location: 7:00

tigro

  • Race: Terran Terran
  • League: Bronze
  • Spawn Location: 7:00

MrFercho

  • Race: Zerg Zerg
  • League: Silver
  • Spawn Location: 7:00

VOD

Have the link to the VOD?

Description

Time

  • Played on: July 2, 2020, 11:01 p.m.
  • Length: 7:18
Show
View Real Time Build Order
Export as new Build Order

Bungus Protoss - Winner!

Build Orders:  

Get SALT Encoding   

  12  0:00  Probe  
  13  0:15  Pylon  
  13  0:27  Probe  
  14  0:39  Probe  
  14  0:41  Gateway  
  15  0:51  Probe  
  16  1:03  Probe  
  17  1:05  Assimilator  
  17  1:16  Probe  
  18  1:28  Probe, Cybernetics Core  
  19  1:40  Probe  
  20  1:52  Probe  
  21  1:59  Assimilator  
  21  2:04  Probe  
  22  2:10  Nexus  
  22  2:13  Pylon  
  22  2:16  Probe  
  23  2:31  Probe  
  23  2:34  Stargate  
  24  2:45  Stalker  
  26  3:09  Probe  
  27  3:13  Warp Gate  
  27  3:17  Probe  
  27  3:24  Void Ray  
  32  3:28  Probe  
  33  3:40  Probe  
  34  3:44  Probe  
  34  3:47  Stalker  
  37  3:50  Probe  
  37  3:53  Probe  
  38  3:55  Gateway  
  38  3:59  Probe  
  38  4:01  Probe  
  39  4:07  Probe  
  41  4:10  Probe  
  43  4:17  Stalker  
  43  4:19  Probe  
  46  4:48  Gateway  
  46  4:49  Gateway  
  46  4:55  Pylon  
  46  5:01  Gateway  
  46  5:13  Probe x2  
  48  5:25  Void Ray, Probe x2  
  48  5:26  Gateway  
  54  5:45  Probe  
  49  6:08  Void Ray  
  53  6:24  Pylon x2  
  53  6:27  Pylon  
  53  6:29  Pylon  
  53  6:32  Pylon  
  53  6:48  Stalker  
  53  6:49  Stalker x4  
  53  6:50  Stalker  
  69  7:12  Stalker x3  
  69  7:13  Stalker x3  
Show
View Real Time Build Order
Export as new Build Order

starcum Zerg - Winner!

Build Orders: Pool First 

Get SALT Encoding   

  12  0:20  Spawning Pool  
  11  0:30  Extractor, Drone  
  11  0:34  Overlord  
  11  1:07  Zergling x6  
  14  1:35  Zergling x4  
  16  1:51  Lair  
  15  2:48  Zergling x6  
  15  2:51  Queen  
  16  3:30  Hydralisk Den  
  15  3:44  Drone x3  
  18  4:04  Hatchery  
  17  4:10  Hydralisk x2  
  17  4:16  Grooved Spines  
  21  4:49  Overlord  
  21  4:50  Overlord  
  20  5:20  Hydralisk x2  
  20  5:21  Hydralisk  
  24  5:29  Drone x2  
  26  5:38  Extractor  
  26  5:40  Drone x3  
  28  5:46  Queen  
  30  6:53  Hydralisk  
  30  6:54  Hydralisk x2  
Show
View Real Time Build Order
Export as new Build Order

TossIsImba Protoss - Winner!

Build Orders: Blink Stalkers 

Get SALT Encoding   

  12  0:01  Probe  
  13  0:13  Probe  
  14  0:25  Probe  
  14  0:26  Pylon  
  15  0:38  Assimilator  
  15  0:44  Gateway, Probe  
  16  0:54  Probe  
  17  1:02  Probe  
  17  1:10  Gateway  
  17  1:11  Probe  
  18  1:14  Assimilator  
  19  1:25  Probe  
  19  1:31  Cybernetics Core  
  20  1:35  Pylon  
  20  1:38  Probe  
  21  1:50  Probe  
  22  2:00  Warp Gate  
  22  2:02  Probe  
  22  2:08  Twilight Council  
  23  2:09  Stalker  
  23  2:15  Stalker, Probe  
  26  2:27  Probe  
  29  2:50  Nexus  
  29  2:56  Blink  
  29  2:58  Pylon  
  29  3:18  Stalker  
  31  3:23  Probe  
  32  3:30  Stalker  
  33  3:48  Stalker  
  36  4:00  Stalker  
  38  4:18  Stalker  
  40  4:30  Stalker  
  42  4:48  Stalker  
  44  4:53  Gateway  
  44  4:57  Gateway  
  44  5:00  Stalker  
  44  5:02  Gateway  
  44  5:03  Gateway  
  46  5:18  Stalker  
  48  5:30  Stalker  
  50  6:07  Stalker  
  50  6:08  Stalker  
  54  6:24  Pylon  
  54  6:51  Pylon  
  54  7:15  Stalker x6  
Show
View Real Time Build Order
Export as new Build Order

TATORREA Protoss 

Build Orders:  

Get SALT Encoding   

  12  0:03  Probe  
  13  0:15  Probe  
  14  0:27  Probe  
  15  0:29  Pylon  
  15  0:35  Assimilator  
  15  0:47  Probe  
  15  0:48  Gateway  
  16  0:59  Probe  
  17  1:08  Probe  
  17  1:16  Probe  
  18  1:20  Pylon  
  18  1:24  Pylon, Probe  
  19  1:30  Assimilator  
  19  1:32  Probe  
  21  1:44  Probe  
  22  1:52  Cybernetics Core  
  22  1:56  Probe  
  23  2:08  Probe  
  25  2:41  Pylon  
  25  2:48  Zealot  
  23  3:00  Probe  
  24  3:15  Stalker  
  24  3:19  Warp Gate  
  24  3:45  Stalker  
  26  3:54  Probe  
  27  4:33  Robotics Facility  
  27  4:35  Gateway  
  27  4:37  Gateway  
  27  4:39  Gateway  
  27  4:41  Forge  
  27  4:58  Shield Battery  
  25  5:11  Shield Battery  
  25  5:12  Pylon  
  25  5:17  Stalker  
  25  5:24  Gateway  
  25  5:26  Gateway  
  25  5:37  Immortal  
  29  5:48  Cybernetics Core  
  27  6:25  Stalker  
  27  6:26  Stalker x2  
Show
View Real Time Build Order
Export as new Build Order

tigro Terran 

Build Orders:  

Get SALT Encoding   

  12  0:03  SCV  
  13  0:15  SCV  
  14  0:27  SCV  
  15  0:34  Supply Depot  
  15  0:35  Refinery  
  15  0:56  Supply Depot, SCV  
  16  0:58  Barracks  
  16  1:08  SCV  
  17  1:15  Refinery  
  17  1:20  SCV  
  18  1:32  SCV  
  19  1:44  SCV  
  19  1:45  Marine  
  21  1:56  SCV  
  22  2:02  Marine  
  22  2:04  Barracks  
  24  2:08  SCV  
  24  2:19  Engineering Bay  
  24  2:20  Marine, SCV  
  24  2:56  Barracks Reactor, Supply Depot  
  24  3:02  Factory  
  24  3:14  Orbital Command  
  24  3:19  Supply Depot  
  24  3:41  Barracks Tech Lab  
  24  3:47  Marine x2  
  25  3:57  Terran Infantry Weapons Level 1  
  25  3:58  Command Center  
  25  4:00  Factory Tech Lab  
  25  4:04  Marine  
  25  4:05  Marine  
  27  4:13  Starport  
  27  4:22  Marine x2  
  29  4:40  Marine x2  
  28  4:55  Siege Tank  
  28  4:56  Medivac  
  32  5:00  Stimpack  
  30  5:24  Missile Turret  
  30  5:28  Marine x3  
  33  5:46  Marine  
  33  5:54  Missile Turret  
  29  6:16  Missile Turret  
  24  6:27  Marine x3  
  27  6:41  Missile Turret  
  27  6:44  Marine  
  27  6:45  Marine x2  
Show
View Real Time Build Order
Export as new Build Order

MrFercho Zerg 

Build Orders: Hatch First 

Get SALT Encoding   

  12  0:01  Drone  
  13  0:13  Overlord  
  13  0:20  Drone  
  14  0:32  Drone  
  15  0:36  Drone x2  
  17  0:57  Drone  
  17  0:58  Hatchery  
  17  1:04  Overlord  
  17  1:24  Spawning Pool, Drone x2  
  18  1:29  Drone  
  19  1:33  Extractor  
  18  1:40  Drone  
  19  1:50  Drone  
  20  2:02  Drone  
  21  2:11  Queen  
  21  2:12  Queen  
  21  2:15  Zergling x4  
  27  2:20  Spine Crawler  
  26  2:27  Zergling x4  
  28  2:42  Drone x3  
  30  3:03  Drone x3  
  30  3:04  Drone  
  34  3:06  Drone  
  34  3:11  Roach Warren  
  34  3:25  Overlord x2  
  36  3:55  Roach  
  36  3:56  Roach x4  
  43  4:15  Drone  
  43  4:16  Drone  
  43  4:17  Overlord x2  
  41  4:41  Roach x6  
  53  4:48  Lair  
  55  4:52  Drone x2  
  55  4:54  Queen  
  55  5:09  Roach  
  55  5:10  Roach  
  57  5:28  Roach x2  
  45  5:57  Roach x6  
  45  5:58  Roach  
  39  6:50  Zergling x24  
  47  7:04  Evolution Chamber  
Tags
 
Add a new tag
Caveats
  • Supply blocks, unpowered buildings, or Contaminate may cause inaccurate times.
  • Supply counts are checked every 10 seconds.